 Dungeon Crawl Stone Soup version 0.30-a0-292-g0f741e3f8e (webtiles) character file.

Game seed: 4221518187883067936

147182 chippings the Demon Slayer (level 17, -2/149 HPs)
             Began as a Merfolk Gladiator on Oct 17, 2022.
             Was a High Priest of the Shining One.
             Slain by a ghost moth (10 damage)
             ... while paralysed by a jorogumo
             ... on level 4 of the Spider Nest.
             The game lasted 01:26:04 (37306 turns).

chippings the Demon Slayer (Merfolk Gladiator)     Turns: 37306, Time: 01:26:04

Health: -2/149     AC: 21    Str: 21    XL:     17   Next: 46%
Magic:  0/31       EV:  2    Int:  7    God:    the Shining One [*****.]
Gold:   537        SH:  0    Dex: 19    Spells: 16/16 levels left

rFire   + + +      SeeInvis +    O - +2 glaive (freeze)
rCold   + + .      Faith    .    (shield currently unavailable)
rNeg    + + .      Spirit   +    m - +6 plate armour {rC+}
rPois   +          Reflect  .    Y - +0 helmet of Clean Fun {rElec rF+++ Will- Stlth-}
rElec   +          Harm     .    P - +1 cloak
rCorr   +          Rampage  .    (no gloves)
Will    .....                    (no boots)
Stlth   ..........               S - amulet "Veety" {Spirit rC+ SInv}
HPRegen 0.44/turn                q - ring of poison resistance
MPRegen 0.22/turn                c - ring of Kikeyt {rCorr EV+4 Dex+2}

@: paralysed, slowed, glowing
A: (nimble swimmer 2), mertail
a: Renounce Religion, Divine Shield, Cleansing Flame, Summon Divine Warrior


You were on level 4 of the Spider Nest.
You worshipped the Shining One.
The Shining One was extremely pleased with you.
You visited 6 branches of the dungeon, and saw 28 of its levels.
You visited the Abyss 1 time.
You also visited: Ice Cave and Volcano.

You collected 2616 gold pieces.
You spent 2079 gold pieces at shops.

Inventory:

Hand Weapons
 i - a +0 bardiche
 y - a +3 vorpal demon trident
 O - a +2 glaive of freezing (weapon)
Missiles
 d - 5 throwing nets (quivered)
Armour
 f - a +2 helmet
 g - a +2 tower shield
 m - a +6 plate armour of cold resistance (worn)
 M - +2 ice dragon scales
 P - a +1 cloak (worn)
 Y - the +0 helmet of Clean Fun (worn) {rElec rF+++ Will- Stlth-}
   (You found it in an ice cave)

   rF:        It renders you almost immune to fire.
   rElec:     It insulates you from electricity.
   Will:      It decreases your willpower.
   Stlth:     It makes you less stealthy.
 Z - a +2 buckler of cold resistance
Jewellery
 c - the ring of Kikeyt (right hand) {rCorr EV+4 Dex+2}
   (You bought it in a shop on level 2 of the Orcish Mines)

   [ring of evasion]

   EV:        It affects your evasion (+4).
   Dex:       It affects your dexterity (+2).
   rCorr:     It protects you from acid and corrosion.
 q - a ring of poison resistance (left hand)
 t - the amulet "Zelinn" {RegenMP rN+ Str+2 Int-3}
   (You found it on level 5 of the Lair of Beasts)

   [amulet of magic regeneration]

   It increases your rate of magic regeneration.
   Str:       It affects your strength (+2).
   Int:       It affects your intelligence (-3).
   rN:        It protects you from negative energy.
 v - a ring of flight
 z - the amulet of Vanity {Spirit Rampage rF+ Str+3}
   (You found it on level 7 of the Dungeon)

   [amulet of guardian spirit]

   It causes incoming damage to be divided between your reserves of health and
   magic.
   Str:       It affects your strength (+3).
   rF:        It protects you from fire.
   Rampage:   It bestows one free step when moving towards enemies.
 G - a ring of positive energy
 K - a ring of see invisible
 S - the amulet "Veety" (around neck) {Spirit rC+ SInv}
   (You found it in an ice cave)

   [amulet of guardian spirit]

   It causes incoming damage to be divided between your reserves of health and
   magic.
   rC:        It protects you from cold.
   SInv:      It lets you see invisible.
 V - the ring "Hiravu" {Fly rF+ Int+6}
   (You found it in an ice cave)

   [ring of intelligence]

   Int:       It affects your intelligence (+6).
   rF:        It protects you from fire.
   Fly:       It grants you flight.
 X - a ring of wizardry
Wands
 r - a wand of iceblast (3)
 w - a wand of charming (40)
 J - a wand of acid (1)
 N - a wand of polymorph (10)
 Q - a wand of mindburst (5)
 R - a wand of flame (22)
 T - a wand of digging (17)
Scrolls
 b - a scroll of amnesia
 h - 6 scrolls of vulnerability
 j - 2 scrolls of identify
 o - a scroll of fog
 u - 2 scrolls of poison
 A - 6 scrolls of enchant weapon
 I - a scroll of magic mapping
 U - 2 scrolls of brand weapon
Potions
 a - a potion of ambrosia
 k - 2 potions of berserk rage
 l - a potion of resistance
 p - 6 potions of mutation
 s - 5 potions of attraction
 x - 2 potions of cancellation
 C - a potion of curing
 D - 3 potions of brilliance
 E - 3 potions of might
 F - 3 potions of heal wounds
 H - 5 potions of lignification
 W - 4 potions of haste
Miscellaneous
 B - a tin of tremorstones (1/2)


   Skills:
 + Level 17.9 Fighting
 + Level 18.9 Polearms
 - Level 2.0 Throwing
 - Level 5.0 Armour
 - Level 12.0 Dodging
 + Level 21.2 Invocations
 - Level 8.0 Evocations


You had 16 spell levels left.
You didn't know any spells.
Your spell library contained the following spells:

 Spells                   Type           Power      Damage    Failure   Level
 Beastly Appendage        Tmut           0%         N/A       100%        1
 Sandblast                Erth           0%         2d4       100%        1
 Cigotuvi's Dreadful Rot  Necr/Pois/Air  0%         N/A       100%        2
 Ensorcelled Hibernation  Hex/Ice        0%         N/A       100%        2
 Passwall                 Tmut/Erth      0%         N/A       100%        2
 Poisonous Vapours        Pois/Air       0%         N/A       100%        2
 Wereblood                Tmut           0%         N/A       100%        2
 Call Canine Familiar     Summ           0%         N/A       100%        3
 Dazzling Flash           Conj/Hex       0%         N/A       100%        3
 Ignite Poison            Fire/Tmut/Pois 0%         N/A       100%        3
 Mephitic Cloud           Conj/Pois/Air  0%         N/A       100%        3
 Portal Projectile        Hex/Tloc       0%         N/A       100%        3
 Spider Form              Tmut/Pois      0%         N/A       100%        3
 Stone Arrow              Conj/Erth      0%         3d7       100%        3
 Summon Guardian Golem    Hex/Summ       0%         N/A       100%        3
 Tukima's Dance           Hex            0%         N/A       100%        3
 Anguish                  Hex/Necr       0%         N/A       100%        4
 Cause Fear               Hex            0%         N/A       100%        4
 Leda's Liquefaction      Hex/Erth       0%         N/A       100%        4
 Passage of Golubria      Tloc           0%         N/A       100%        4
 Sticky Flame             Conj/Fire      0%         2d3       100%        4
 Agony                    Necr           0%         N/A       100%        5
 Silence                  Hex/Air        0%         N/A       100%        5
 Summon Mana Viper        Hex/Summ       0%         N/A       100%        5
 Yara's Violent Unravell  Hex/Tmut       0%         3d3       100%        5
 Conjure Ball Lightning   Conj/Air       0%         3x3d6     100%        6
 Dragon Form              Tmut           0%         N/A       100%        7
 Discord                  Hex            0%         N/A       100%        8
 Disjunction              Tloc           0%         N/A       100%        8
 Ignition                 Fire           0%         3d3       100%        8
 Dragon's Call            Summ           0%         N/A       100%        9


Dungeon Overview and Level Annotations

Branches:
Dungeon (15/15) Temple (1/1) D:5 Lair (5/5) D:8 Shoals (1/4) Lair:3 Spider (4/4) Lair:3 Slime (0/5) Lair:5 Orc (2/2) D:11 Elf (0/3) Orc:2 Vaults (0/5) D:13 D:14 Depths (0/4) D:15 IceCv (visited) Volcano (visited)

Altars:
Ashenzari
Cheibriados
Dithmenos
Elyvilon
Fedhas
Gozag
Hepliaklqana
Kikubaaqudgha
Makhleb
Nemelex Xobeh
Okawaru
Qazlal
Ru
Sif Muna
Trog
Uskayaw
Vehumet
Wu Jian
Xom
Yredelemnul
Zin
The Shining One

Shops:
D:4 (::   D:9 (   D:11 !*   D:13 !   D:15 *!   Orc:2 [==!

Portals:
Trove: D:12 (give +5 demon blade)

Annotations:
D:10 6 transporters
Shoals:1 Mlioglotl


Innate Abilities, Weirdness & Mutations

((You are very nimble when in or above water. (Stealth+, EV+, Speed+++)))
Your lower body shifts to a powerful aquatic tail in water.


Message History

You are caught in a web!
Unknown command.
The web tears apart.
The ghost moth stares at you.
The ghost moth hits you but does no damage.
The ghost moth barely misses you.
The ghost moth stings you but does no damage.
The jorogumo stares at you and mumbles some strange words.
The stream of webbing hits you but does no damage.
You are caught in a web!
The ghost moth stares at you. The ghost moth closely misses you.
The ghost moth hits you but does no damage.
The ghost moth stings you but does no damage.
You struggle to detach yourself from the web.
The jorogumo closely misses you. The ghost moth stares at you.
The ghost moth hits you. x2
The ghost moth stings you but does no damage.
Unknown command.
The web tears apart.
The jorogumo hits you!
* * * LOW HITPOINT WARNING * * *
You suddenly lose the ability to move!
The ghost moth hits you!
* * * LOW HITPOINT WARNING * * *
The ghost moth completely misses you.
The ghost moth stings you but does no damage.
The jorogumo hits you!
* * * LOW HITPOINT WARNING * * *
You feel yourself slow down.
The ghost moth hits you but does no damage. x2
The ghost moth barely misses you.
A demonic crawler comes into view.
The jorogumo hits you!
* * * LOW HITPOINT WARNING * * *
The demonic crawler gives a hideous shriek!
The ghost moth stares at you. The ghost moth hits you.
* * * LOW HITPOINT WARNING * * *
The ghost moth hits you!
You die...

.... ^...........#
.....
§##☼.#○☼§^###
.§°§.○§°###
....°§☼°☼☼☼####
....##.§☼#°§§§^.#
...#....☼#○°§...#
#..#....#§§§#..§#
#.......#y☼○#§§§#
##....#.^.#@§§§§§#
#^..#...#^#H#°§§°#
#^.....y.○○☼.°#°#
.#....s.§°○#.°§#
....##.○#§§○§#^§#
.. #§§°§☼°##..#
#....!.§)°§§§°..##
.....s§.#○○§°§.##
.####..#########


You could see a jorogumo (poisoned), a ghost moth (invisible) and a demonic
crawler.

Vanquished Creatures
  Arachne (Spider:3)
  Rupert (D:13)
  Jorgrun (D:14)
  A tentacled starspawn (Abyss:2)
  Agnes (D:15)
  A draconian knight (IceCv)
  An emperor scorpion (Spider:2)
  A cacodemon (Abyss:2)
  A ghost moth (Spider:2)
  Louise (D:14)
  2 stone giants
  2 broodmothers
  5 white draconians (IceCv)
  A fire dragon (D:15)
  Snorg (D:10)
  4 entropy weavers
  A radroach (Spider:2)
  A vault guard (D:12)
  An ogre mage (D:15)
  A jorogumo (Spider:3)
  5 centaur warriors
  7 death yaks
  2 two-headed ogres
  4 tengu warriors
  3 thrashing horrors (Abyss:2)
  An orc high priest (Orc:2)
  A hell knight (Abyss:2)
  Sonja (D:10)
  A fire crab (Lair:5)
  2 pharaoh ants
  2 sun moths (Spider:3)
  2 wretched stars (Abyss:2)
  3 steelbarb worms
  6 orb spiders
  3 glowing orange brains
  An orange crystal statue (IceCv)
  3 skeletal warriors (D:15)
  The ghost of sscrono2 the Martial Artist, a novice OpMo of Nemelex Xobeh (D:6)
  11 orc knights
  A wizard (D:14)
  17 wolf spiders
  A deep elf archer (D:15)
  2 ugly things
  2 deep elf pyromancers
  6 cyclopes
  4 orc sorcerers
  2 manticores
  7 elephants
  A moth of wrath (Spider:4)
  Joseph (D:10)
  A gargoyle (Volcano)
  3 black mambas
  4 torpor snails
  2 orange demons (Abyss:2)
  21 cane toads
  A freezing wraith (D:15)
  An unseen horror (D:12)
  5 storm dragon simulacra (IceCv)
  An unseen horror (shapeshifter) (D:9)
  7 demonic crawlers
  5 komodo dragons
  A rime drake (Lair:5)
  3 efreet
  3 golden dragon simulacra (IceCv)
  3 merfolk (Lair:3)
  An ancient zyme (Abyss:2)
  A harpy zombie (Abyss:2)
  3 tyrant leeches (Lair:5)
  4 polar bears
  Prince Ribbit (D:9)
  5 trolls
  6 saltlings
  15 tarantellas
  27 blink frogs
  4 large abominations (Abyss:2)
  20 slime creatures
  3 raiju (Abyss:2)
  14 jumping spiders
  2 centaur simulacra (D:15)
  A flying skull (Abyss:2)
  8 culicivoras
  A shadow (D:11)
  19 yaks
  2 ynoxinuls (Abyss:2)
  4 wyverns
  3 basilisks (D:8)
  16 humans
  A fire elemental (Volcano)
  2 fire bats (Volcano)
  26 redbacks
  3 wargs
  10 vampire mosquitoes
  An acid dragon (D:12)
  17 water moccasins
  19 orc warriors
  8 ice dragon simulacra (IceCv)
  An ice beast (D:6)
  2 sky beasts
  12 wolves
  4 ogres
  8 boggarts
  2 centaurs
  A phantom (D:5)
  2 kobold brigands
  21 bullfrogs
  2 gnoll sergeants
  An earth elemental (Volcano)
  2 necrophages
  2 small abominations (Abyss:2)
  5 scorpions
  8 wights
  3 killer bees (D:10)
  5 lindwurm simulacra (IceCv)
  The ghost of porpoise the Vexing, a weakling BaHs (D:3)
  3 howler monkeys (D:8)
  7 lava snakes (Volcano)
  4 hounds
  A quasit (Abyss:2)
  11 jellies
  2 gnoll boudas
  17 orc priests
  An iron imp (Abyss:2)
  2 iguanas
  15 orc wizards
  14 gnolls
  9 adders
  3 white imps
  A worm (D:2)
  2 adder simulacra (D:3)
  A dart slug (D:4)
  65 orcs
  7 endoplasms
  A giant cockroach (D:2)
  10 goblins
  7 hobgoblins
  10 jackals
  7 quokkas
  7 ball pythons
  3 bats
  6 frilled lizards
  15 kobolds
  A quokka simulacrum (D:3)
  9 rats
763 creatures vanquished.

Vanquished Creatures (collateral kills)
  A spark wasp (Spider:2)
  A wolf spider (Spider:2)
  A tarantella (Spider:2)
  A jumping spider (Spider:2)
  A culicivora (Spider:2)
5 creatures vanquished.

Vanquished Creatures (others)
  A radroach (Spider:2)
  2 death yaks
  2 pharaoh ants
  A steelbarb worm (Spider:1)
  An ugly thing (D:9)
  4 elephants
  A cane toad (Lair:5)
  A troll (Orc:2)
  2 meliai (D:10)
  A tyrant leech (Lair:5)
  2 tarantellas
  A jumping spider (Spider:2)
  A redback (Spider:2)
  An orc warrior (D:9)
  A wolf (Lair:5)
  An orc wizard (Orc:1)
  An endoplasm (Lair:5)
  A kobold (D:11)
  A bush (Lair:5)
  18 fungi
  3 pillars of salt (Orc:2)
  82 plants
  2 starspawn tentacles (Abyss:2)
  2 withered plants (D:6)
133 creatures vanquished.

Grand Total: 901 creatures vanquished

Notes
Turn   | Place    | Note
-------+----------+-------------------------------------------
     0 | D:1      | chippings the Merfolk Gladiator began the quest for the
                  | Orb.
     0 | D:1      | Reached XP level 1. HP: 16/16 MP: 1/1
   233 | D:1      | Found a faded altar of an unknown god.
   239 | D:1      | Prayed at the altar of an unknown god.
   239 | D:1      | Became a worshipper of Elyvilon the Healer
   239 | D:1      | Reached * piety under Elyvilon
   309 | D:1      | Reached XP level 2. HP: 23/23 MP: 2/2
   904 | D:2      | Found a burning altar of Makhleb.
   930 | D:2      | Reached ** piety under Elyvilon
   986 | D:2      | Reached skill level 1 in Invocations
   986 | D:2      | Reached XP level 3. HP: 28/28 MP: 3/3
  1396 | D:2      | Reached XP level 4. HP: 34/35 MP: 5/5
  1454 | D:2      | Reached skill level 5 in Polearms
  1699 | D:3      | Reached skill level 2 in Invocations
  1802 | D:3      | Noticed porpoise's ghost (weakling BaHs)
  1824 | D:3      | Found a runed translucent gate.
  1824 | D:3      | Found a runed translucent gate.
  1824 | D:3      | Found a runed translucent gate.
  1979 | D:3      | Reached XP level 5. HP: 29/42 MP: 6/6
  1997 | D:3      | Reached *** piety under Elyvilon
  2655 | D:3      | Killed porpoise's ghost
  2659 | D:3      | Reached skill level 3 in Invocations
  2739 | D:4      | Found Puolak's Book Boutique.
  2770 | D:4      | Elyvilon protects you from harm!
  2771 | D:4      | Reached XP level 6. HP: 34/48 MP: 8/8
  3030 | D:4      | Reached **** piety under Elyvilon
  3109 | D:4      | Found Noruteqi's Antique Weapon Emporium.
  3164 | D:4      | Reached skill level 4 in Invocations
  3469 | D:4      | Found Archeo's Book Emporium.
  3662 | D:4      | Reached XP level 7. HP: 33/54 MP: 10/10
  3676 | D:4      | Reached skill level 5 in Invocations
  3796 | D:5      | Entered Level 5 of the Dungeon
  3992 | D:5      | Reached skill level 6 in Invocations
  4037 | D:5      | Reached XP level 8. HP: 57/60 MP: 12/12
  4214 | D:5      | Found a staircase to the Ecumenical Temple.
  4288 | Temple   | Entered the Ecumenical Temple
  4602 | D:6      | Found a runed translucent door.
  4602 | D:6      | Noticed sscrono2's ghost (novice OpMo)
  4721 | D:6      | Reached skill level 7 in Invocations
  4761 | D:6      | Reached ***** piety under Elyvilon
  4775 | D:6      | Reached skill level 10 in Polearms
  5313 | D:6      | Killed sscrono2's ghost
  5314 | D:6      | Reached skill level 8 in Invocations
  5314 | D:6      | Reached XP level 9. HP: 23/65 MP: 13/15
  5822 | D:7      | Reached skill level 9 in Invocations
  5948 | D:7      | Identified the amulet of Vanity {Spirit Rampage rF+ Str+3}
  5996 | D:7      | Found an ancient bone altar of Kikubaaqudgha.
  5999 | D:7      | Found a glowing silver altar of Zin.
  6001 | D:7      | Found a glowing golden altar of the Shining One.
  6002 | D:7      | Found a shimmering altar of Xom.
  6002 | D:7      | Found a shadowy altar of Dithmenos.
  6002 | D:7      | Found a hide-covered altar of Uskayaw.
  6002 | D:7      | Found a sacrificial altar of Ru.
  6003 | D:7      | Found a stormy altar of Qazlal.
  6004 | D:7      | Found a basalt altar of Yredelemnul.
  6005 | D:7      | Found an iron altar of Okawaru.
  6203 | D:8      | Reached skill level 5 in Fighting
  6394 | D:8      | Identified a scroll of acquirement
  6619 | D:8      | Reached XP level 10. HP: 75/76 MP: 17/17
  6652 | D:8      | Reached skill level 10 in Invocations
  6669 | D:8      | Found a staircase to the Lair.
  7438 | D:9      | Noticed a two-headed ogre
  7471 | D:9      | Found Kiomiuto's Weapon Shoppe.
  7581 | D:9      | Noticed a green ugly thing
  7594 | D:9      | Pacified a green ugly thing
  7599 | D:9      | Killed a green ugly thing
  7631 | D:9      | Killed a two-headed ogre
  7781 | D:9      | Reached skill level 11 in Invocations
  7904 | D:9      | Killed an unseen horror
  8073 | D:9      | Noticed Prince Ribbit
  8082 | D:9      | Killed Prince Ribbit
  8088 | D:10     | Entered Level 10 of the Dungeon
  8095 | D:10     | Found a transporter.
  8096 | D:10     | Found a transporter.
  8101 | D:10     | Noticed Snorg
  8107 | D:10     | Noticed Joseph
  8111 | D:10     | Killed Snorg
  8112 | D:10     | Reached XP level 11. HP: 46/86 MP: 11/19
  8120 | D:10     | Killed Joseph
  8365 | D:10     | Reached skill level 12 in Invocations
  8509 | D:10     | Found a transporter.
  8513 | D:10     | Noticed Sonja
  8521 | D:10     | Killed Sonja
  8534 | D:10     | Found a transporter.
  8540 | D:10     | Found a transporter.
  8541 | D:10     | Found a transporter.
  8576 | D:10     | Reached skill level 15 in Polearms
  8811 | D:11     | Noticed a deep elf pyromancer
  8813 | D:11     | Found a staircase to the Orcish Mines.
  8813 | D:11     | Found Zin's Purification Station.
  8989 | D:11     | Killed a deep elf pyromancer
  9096 | D:11     | Found a glowing silver altar of Zin.
  9112 | D:11     | Found Itaiv's Distillery.
  9120 | D:11     | Bought a potion of lignification for 42 gold pieces
  9120 | D:11     | Bought a potion of heal wounds for 70 gold pieces
  9120 | D:11     | Bought a potion of heal wounds for 70 gold pieces
  9202 | D:11     | Noticed a two-headed ogre
  9222 | D:11     | Killed a two-headed ogre
  9367 | D:11     | Noticed a cyan ugly thing
  9377 | D:11     | Pacified a cyan ugly thing
  9559 | Orc:1    | Entered Level 1 of the Orcish Mines
  9598 | Orc:1    | Reached skill level 13 in Invocations
  9940 | Orc:1    | Reached ****** piety under Elyvilon
 10255 | D:12     | Reached XP level 12. HP: 51/92 MP: 13/22
 10420 | D:12     | Reached skill level 14 in Invocations
 10431 | D:12     | Identified the ring of the Tormentor {Fire *Corrode rPois
                  | Will+ Int+4}
 10489 | D:12     | Noticed a vault guard
 10504 | D:12     | Killed a vault guard
 10648 | D:12     | Found a portal to a secret trove of treasure.
 10807 | D:12     | Noticed a two-headed ogre
 10818 | D:12     | Pacified a two-headed ogre
 10819 | D:12     | Reached skill level 15 in Invocations
 11519 | D:12     | Identified the +1 chain mail of Demuweaf {Harm Dex+2}
 11742 | Lair:1   | Entered Level 1 of the Lair of Beasts
 12073 | Lair:1   | Reached skill level 16 in Invocations
 13280 | Lair:2   | You fall into a shaft and drop 1 floor!
 13337 | Lair:3   | Found a dark tunnel.
 13346 | Volcano  | Entered a volcano
 13604 | Volcano  | Reached skill level 1 in Evocations
 13844 | Volcano  | Found a bloodstained altar of Trog.
 13850 | Volcano  | Reached skill level 1 in Armour
 13882 | Volcano  | Noticed a stone giant
 13892 | Volcano  | HP: 3/94 [stone giant (23)]
 14204 | Lair:3   | Reached XP level 13. HP: 99/99 MP: 25/25
 14430 | Lair:3   | Reached skill level 17 in Invocations
 14740 | Lair:3   | Found a hole to the Spider Nest.
 15067 | Lair:3   | Found a staircase to the Shoals.
 16865 | Lair:5   | Entered Level 5 of the Lair of Beasts
 17051 | Lair:4   | Reached skill level 5 in Evocations
 17193 | Lair:4   | Reached skill level 10 in Fighting
 17928 | Lair:4   | Acquired a manual of Fighting
 18265 | Lair:4   | Reached XP level 14. HP: 76/111 MP: 13/26
 18939 | Lair:5   | Reached skill level 18 in Invocations
 19273 | Lair:5   | Reached skill level 5 in Armour
 20593 | Lair:5   | Identified the amulet "Zelinn" {RegenMP rN+ Str+2 Int-3}
 20746 | Lair:5   | Reached skill level 5 in Dodging
 20936 | Lair:5   | Found a staircase to the Slime Pits.
 21464 | Spider:1 | Entered Level 1 of the Spider Nest
 21465 | Spider:1 | You fall into a shaft and drop 1 floor!
 21918 | Spider:1 | Got the Parchment of Creative Metal
 22010 | Spider:1 | Reached XP level 15. HP: 103/123 MP: 22/28
 22915 | Spider:1 | Reached skill level 19 in Invocations
 23557 | Spider:2 | Noticed a ghost moth
 23563 | Spider:2 | HP: 7/168 [ghost moth (8)]
 23563 | Spider:2 | HP: 3/168 [ghost moth (4)]
 23565 | Spider:2 | Killed a ghost moth
 24718 | Shoals:1 | Entered Level 1 of the Shoals
 24718 | Shoals:1 | Noticed Mlioglotl
 24966 | Orc:2    | Entered Level 2 of the Orcish Mines
 25606 | Orc:2    | Elyvilon protects you from harm!
 25913 | Orc:1    | Reached skill level 15 in Fighting
 26252 | Orc:2    | Found a staircase to the Elven Halls.
 26585 | Orc:2    | Found Alusta's Jewellery Shoppe.
 26593 | Orc:2    | Found Pabraur's Jewellery Shoppe.
 26614 | Orc:2    | HP: 2/129 [spore (13)]
 26925 | Orc:2    | Found Gosej's Antique Armour Shoppe.
 26940 | Orc:2    | Bought a runed helmet for 270 gold pieces
 26959 | Orc:2    | Bought the ring of Kikeyt {rCorr EV+4 Dex+2} for 633 gold
                  | pieces
 26986 | Orc:2    | Found Uxannaet's Distillery.
 26991 | Orc:2    | Bought a potion of haste for 120 gold pieces
 26991 | Orc:2    | Bought a potion of mutation for 96 gold pieces
 26991 | Orc:2    | Bought a potion of haste for 120 gold pieces
 26991 | Orc:2    | Bought a potion of might for 48 gold pieces
 26991 | Orc:2    | Bought a potion of invisibility for 96 gold pieces
 26991 | Orc:2    | Bought a potion of mutation for 96 gold pieces
 27342 | D:13     | Identified the +8 flail of Extermination {pain, *Rage rPois
                  | Str+4 Dex+7}
 27791 | D:13     | Found Voump's Distillery.
 27794 | D:13     | Bought 2 potions of berserk rage for 130 gold pieces
 28059 | D:14     | Noticed Rupert
 28059 | D:14     | Found a gate to the Vaults.
 28068 | D:13     | Killed Rupert
 28069 | D:13     | Reached skill level 10 in Dodging
 28590 | D:14     | Reached XP level 16. HP: 89/138 MP: 20/29
 28846 | D:14     | Found a shimmering altar of Xom.
 28847 | D:14     | Found a shimmering altar of Xom.
 28850 | D:14     | Found a shimmering altar of Xom.
 28850 | D:14     | Found a shimmering altar of Xom.
 28876 | D:14     | Noticed Jorgrun
 28905 | D:14     | Killed Jorgrun
 29173 | D:14     | Noticed Louise
 29208 | Abyss:2  | Cast into level 2 of the Abyss (Louise)
 29340 | Abyss:2  | Reached skill level 20 in Invocations
 29526 | Abyss:2  | Noticed a tentacled starspawn
 29553 | Abyss:2  | Killed a tentacled starspawn
 29572 | D:14     | Escaped the Abyss
 29596 | D:14     | Killed Louise
 30083 | D:14     | Noticed Nessos
 30107 | D:14     | Nessos changed into Nessos the orb spider
 30107 | D:14     | Noticed Nessos
 30110 | D:14     | HP: 4/97 [disintegration (11)]
 30114 | D:14     | Killed Nessos the orb spider
 30620 | D:15     | Entered Level 15 of the Dungeon
 30821 | D:7      | Fell from the grace of Elyvilon
 30821 | D:7      | Became a worshipper of the Shining One
 30821 | D:7      | Reached * piety under the Shining One
 30821 | D:7      | Reached ** piety under the Shining One
 31026 | D:15     | Reached *** piety under the Shining One
 31336 | D:15     | Found Hung's Distillery.
 31344 | D:15     | Bought a potion of curing for 48 gold pieces
 31344 | D:15     | Bought a potion of heal wounds for 80 gold pieces
 31344 | D:15     | Bought a potion of haste for 160 gold pieces
 31364 | D:15     | Found Ocutevax's Book Boutique.
 31396 | D:15     | Found Dapruta's Assorted Antiques.
 31399 | D:15     | Noticed Agnes
 31415 | D:15     | Killed Agnes
 31951 | D:15     | Found a staircase to the Depths.
 32666 | Spider:2 | Reached **** piety under the Shining One
 32688 | Spider:2 | HP: 7/141 [poisoned by an emperor scorpion]
 33346 | Spider:2 | Identified the +2 war axe of the Globe {venom, rN+ Int+7
                  | Dex+4}
 33515 | Spider:3 | Noticed Arachne
 33540 | Spider:3 | Killed Arachne
 33910 | Spider:3 | Reached XP level 17. HP: 140/147 MP: 31/31
 33936 | Spider:3 | Found a frozen archway.
 33976 | IceCv    | Entered an ice cave
 34895 | IceCv    | Identified the amulet "Veety" {Spirit rC+ SInv}
 34904 | IceCv    | Identified the ring "Hiravu" {Fly rF+ Int+6}
 34918 | IceCv    | Identified the +0 helmet of Clean Fun {rElec rF+++ Will-
                  | Stlth-}
 34984 | IceCv    | Reached ***** piety under the Shining One
 35508 | Spider:3 | Reached skill level 21 in Invocations
 37041 | Spider:4 | Entered Level 4 of the Spider Nest
 37304 | Spider:4 | Paralysed by a jorogumo for 3 turns
 37306 | Spider:4 | Slain by a ghost moth

Illustrated notes

Levels and vault maps discovered:
D:1:      dpeg_arrival_rhombi, layout_basic, ebering_ecumenical_altar_rust,
          serial_curves, eino_curves_04, eino_curves_04
D:2:      minmay_razor_zed, layout_loops_ring, basic_altar
D:3:      layout_basic, gammafunk_ghost_icy, serial_bayou_pond_c
D:4:      layout_loops_corners, serial_shops, shop, shop, shop_statue,
          hangedman_decor_lopped
D:5:      layout_layer_cave, minmay_temple_entry_statues_pillars, minmay_holes,
          moated_statue
D:6:      layout_gridville, gammafunk_ghost_grave
D:7:      layout_basic, minitemple
D:8:      layout_basic, erik_lair_dragon
D:9:      layout_rooms, serial_shops, shop_statue, kennysheep_generic_room_10,
          uniq_prince_ribbit1
D:10:     layout_rooms, serial_nicolae_subway, nicolae_sub_station_crystal,
          nicolae_sub_station_stone, nicolae_sub_station_metal, uniq_joseph,
          uniq_sonja, uniq_snorg
D:11:     layout_rooms, orc_0_dummy, serial_shops, shop, zin_purify
D:12:     layout_loops_ring, enter_trove_5
D:13:     layout_rooms, serial_shops, nicolae_shop_behind_doors
D:14:     layout_stronghold, david_vaults_3, xom_redecorated, uniq_louise,
          uniq_nessos, uniq_jorgrun
D:15:     grunt_enter_depths_snipers, layout_rooms, serial_shops, shop, shop,
          nicolae_shop_statue_plus, serial_park_tiny_pond, kb_rosetta,
          uniq_agnes
Temple:   nicolae_temple_no_exploring_needed
Lair:1:   layout_small_grid, grunt_forest_small_clearings,
          nicolae_lair_grove_arrangements
Lair:2:   layout_small_grid, serial_bayou_pond_d
Lair:3:   layout_concentric_octagons, elwin_shoals_entry_stream,
          spider_nest_entry_funnel_web, enter_volcano_2
Lair:4:   layout_layer_cave
Lair:5:   minmay_lair_end_frog_pond, layout_cellular_growth,
          minmay_slime_entry_jelly_boxes
Shoals:1: layout_shoals, nzn_prometheus_bound, uniq_nikola, uniq_mlioglotl
Spider:1: layout_spider_delve, hangedman_spider_tarantella_strand
Spider:2: layout_spider_delve
Spider:3: layout_chambers, portal_ice_cave_entry_pillars_1, uniq_arachne
Spider:4: hellmonk_spider_rune_bug_friends
Orc:1:    nicolae_orc_accident_1, layout_diamond_mine, basic_altar
Orc:2:    hellmonk_orc_salted, layout_caves, basic_altar, mines1_david

Skill      XL: |  1  2  3  4  5  6  7  8  9 10 11 12 13 14 15 16 17 |
---------------+----------------------------------------------------+-----
Invocations    | 1 2 3 4 6 8 9 11 13 16 17 18 19 20 21 | 21.2
Fighting       | 3 4 5 8 10 13 15 17 | 17.9
Polearms       | 5 6 7 8 11 12 14 16 18 | 18.9
Evocations     | 1 5 8 |  8.0
Armour         | 1 4 5 |  5.0
Dodging        | 6 10 12 | 12.0
Throwing       | |  2.0

Action                   |  1- 3 |  4- 6 |  7- 9 | 10-12 | 13-15 | 16-18 || total
-------------------------+-------+-------+-------+-------+-------+-------++-------
Melee: Trident           |   141 |   132 |       |       |       |       ||   273
       Punch             |     2 |     1 |       |       |       |       ||     3
       Halberd           |       |    36 |   257 |   675 |  1216 |   658 ||  2842
       Tailslap          |       |       |       |       |     7 |     3 ||    10
       Glaive            |       |       |       |       |       |   168 ||   168
Invok: Heal Self         |       |       |     1 |     3 |     3 |     6 ||    13
       Heal Other        |       |       |       |     8 |    34 |       ||    42
       Divine Vigour     |       |       |       |     1 |     2 |       ||     3
       Divine Shield     |       |       |       |       |       |     6 ||     6
Evoke: Wand              |       |     1 |       |       |     6 |    10 ||    17
       Tin of tremorston |       |       |       |       |     2 |     3 ||     5
  Use: Scroll            |       |    13 |     6 |     7 |    22 |     3 ||    51
       Potion            |       |     4 |       |     7 |    11 |     6 ||    28
 Stab: Distracted        |       |       |       |       |     1 |       ||     1
       Invisible         |       |       |       |       |     1 |       ||     1
       Petrified         |       |       |       |       |       |     9 ||     9
       Petrifying        |       |       |       |       |       |     1 ||     1
Armor: Leather armour    |    18 |       |       |       |       |       ||    18
       Plate armour      |    41 |   109 |   119 |   277 |   746 |   362 ||  1654
       Scale mail        |       |       |       |    15 |       |       ||    15
Dodge: Dodged            |    52 |    46 |    52 |   126 |   522 |   532 ||  1330
Block: Other             |       |       |       |       |       |    58 ||    58

Table legend: (Time is in decaauts)
 A = Elapsed time spent in this place.
 B = Non-inter-level travel time spent in this place.
 C = Inter-level travel time spent in this place.
 D = Time resting spent in this place.
 E = Time spent auto-exploring this place.
 F = Levels seen in this place.
 G = Mean time per level.
                   A        B        C        D        E       F      G
               +--------+--------+--------+--------+--------+-----+--------+
         Total |  36565 |  34567 |   1998 |   5000 |  21074 |  31 | 1179.5 |
       Dungeon |  16086 |  14828 |   1258 |    953 |   9867 |  15 | 1072.4 |
        Temple |      1 |      1 |      0 |      0 |      0 |   1 |    1.0 |
          Lair |   8920 |   8393 |    527 |   2047 |   4671 |   5 | 1784.0 |
        Shoals |      1 |      1 |      0 |      0 |      0 |   1 |    1.0 |
   Spider Nest |   6542 |   6455 |     87 |    765 |   4524 |   4 | 1635.5 |
  Orcish Mines |   2677 |   2552 |    125 |    667 |   1233 |   2 | 1338.5 |
         Abyss |    323 |    323 |      0 |      0 |     23 |   1 |  323.0 |
      Ice Cave |   1220 |   1220 |      0 |    204 |    674 |   1 | 1220.0 |
       Volcano |    791 |    791 |      0 |    364 |     81 |   1 |  791.0 |
               +--------+--------+--------+--------+--------+-----+--------+

Top non-repeatable levels by time:
  Lair:4: 4101 daAuts
Spider:3: 2345 daAuts
Spider:2: 2025 daAuts
Spider:1: 1914 daAuts
    D:14: 1668 daAuts
     D:8: 1661 daAuts
  Lair:3: 1646 daAuts
  Lair:5: 1553 daAuts
   Orc:2: 1540 daAuts
    D:12: 1445 daAuts
    D:13: 1397 daAuts
   IceCv: 1220 daAuts
    D:15: 1194 daAuts
   Orc:1: 1137 daAuts
     D:3: 1101 daAuts
